Cogmind - Beta 16.1 @@@ ROGUE MODE // 2026.04.27 @ 19:46:17 Player: AngelSpirit Result: Destroyed by 3A-QXU(R) with Subdweller Machine Gun Performance ------------- Evolutions (0) 0 Regions Visited (2) 400 Robots Destroyed (51) 255 Value Destroyed (1295) 1295 Prototype IDs (4) 80 Alien Tech Used (0) 0 Bonus (16) 16 TOTAL SCORE: 2046 Bonus ------- High Alert Combat Kills 16 Cogmind --------- Core Integrity 0/250 Matter 300/300 Energy 61/100 System Corruption 3% Temperature Cool (10) Movement Core (100) Ox1 Location -10/Subcaves Parts ------- > --- POWER (1) -------- (None) > --- PROPULSION (2) --- (None) > --- UTILITY (2) ------ (None) > --- WEAPON (2) ------- Subdweller Laser > --- INVENTORY (5) ---- High-capacity Storage Unit Cobbler Unit Subdweller Machine Gun Grenade Launcher Peak State ------------ > --- POWER ------------ Light Nuclear Core > --- PROPULSION ------- Light Treads Wheel > --- UTILITY ---------- Scrap Shield > --- WEAPON ----------- Subdweller Laser Subdweller Machine Gun > --- INVENTORY -------- High-capacity Storage Unit Hacking Suite Makeshift System Shield Subdweller Laser Grenade Launcher [Rating: 14] Favorites ----------- Power Ion Engine Engine Ion Engine Power Core Light Nuclear Core Propulsion Wheel Treads Light Treads Wheel Wheel Utility Scrap Shield Device Seismic Detector Storage High-capacity Storage Unit Protection Scrap Shield Weapon Subdweller Laser Energy Gun Subdweller Laser Ballistic Gun Subdweller Machine Gun Launcher Grenade Launcher Special Weapon Mining Laser Build | -11 -10 -10 ------- Run | Yrd Mat Sub Slots Evolved . | . . . Power . | . . . Propulsion . | . . . Utility . | . . . Weapon . | . . . Parts Attached 35 | 6 17 12 Power 6 | 1 3 2 Engine 5 | 1 3 1 Core 1 | . . 1 Reactor . | . . . Propulsion 10 | 2 6 2 Treads 4 | . 4 . Leg . | . . . Wheel 6 | 2 2 2 Hover . | . . . Flight . | . . . Utility 5 | 2 2 1 Device 1 | 1 . . Storage 2 | 1 1 . Processor . | . . . Hackware . | . . . Protection 2 | . 1 1 Artifact . | . . . Weapon 14 | 1 6 7 Energy Gun 5 | 1 . 4 Energy Cannon . | . . . Ballistic Gun 6 | . 3 3 Ballistic Cannon . | . . . Launcher 2 | . 2 . Special Weapon 1 | . 1 . Impact Weapon . | . . . Slashing Weapon . | . . . Piercing Weapon . | . . . Special Melee Weapon . | . . . Unidentified Prototypes . | . . . Parts Lost 11 | . 1 10 Power 2 | . . 2 Propulsion 4 | . . 4 Utility 3 | . 1 2 Weapon 2 | . . 2 Highest Loss Streak 5 | . 1 5 To Critical Strikes . | . . . Average Backups 6 | 1 10 4 Power . | . 1 . Propulsion 2 | 1 4 . Utility 1 | . 1 2 Weapon 2 | . 3 1 Tool/Special . | . . . Unused Backups 13 | . 3 10 Power 1 | . . 1 Propulsion 5 | . 1 4 Utility 4 | . . 4 Weapon 3 | . 2 1 Tool/Special . | . . . Average Slot Usage (%) 88 | . 98 81 Engine 9 | . 14 6 Core 4 | . . 7 Treads 12 | . 4 17 Wheel 14 | . 23 8 Device 4 | . 11 . Storage 5 | . 14 . Protection 8 | . 2 13 Energy Gun 13 | . 13 12 Ballistic Gun 13 | . 12 14 Peak Build Rating 14 | 6 8 14 Average Rating 9 | 3 7 11 On Entrance 4 | . 6 8 Avg Prop Armor Cover (%) 4 | . . 4 Naked Turns . | . . . Heaviest Build 51 | 13 51 51 Greatest Support 40 | 20 40 40 Greatest Overweight (x) 3 | . 2 3 Average Overweight (x) 1 | . 1 2 Largest Inventory Capacity 20 | 8 20 20 Average Capacity 10 | 7 19 5 Most Carried 15 | 2 15 12 Average Carried 7 | 1 10 5 Final Capacity 20 | 8 20 5 Final Carried 12 | 2 12 5 Class Distribution -------------------- 47% | Subdweller-Mutant 46% | Mutant 6% | Scavenger-Mutant Dominant Class ---------------- Mutant | -10/Materials Subdweller-Mutant | -10/Subcaves Resources | -11 -10 -10 ----------- Run | Yrd Mat Sub Matter Collected 1573 | 260 603 710 Remotely . | . . . Salvage Created 1503 | 26 870 607 Parts 113 | 1 74 38 Haulers Intercepted 2 | . 2 . Recyclers Shooed . | . . . Parts Field Recycled . | . . . Retrieved Matter . | . . . Parts Self-Destructed 6 | . . 6 Prevented . | . . . Parts Restored . | . . . Kills | -11 -10 -10 ------- Run | Yrd Mat Sub Combat Hostiles Destroyed 39 | . 24 15 Guns 28 | . 14 14 AOE 11 | . 10 1 Classes Destroyed 9 | 1 7 1 Worker 2 | . 2 . Builder 2 | . 2 . Tunneler 1 | 1 . . Hauler 2 | . 2 . Operator 2 | . 2 . Watcher 3 | . 3 . Swarmer 10 | . 9 1 Grunt 19 | . 15 4 Subdweller 10 | . . 10 Best Kill Streak 7 | 1 7 2 Combat Bots Only 6 | . 6 2 Max Kills in Single Turn 4 | 1 4 1 Gunslinging . | . . . Exploded 4 | . 4 1 Melee . | . . . Uniques/NPCs Destroyed . | . . . Combat | -11 -10 -10 -------- Run | Yrd Mat Sub Hostile Shots Fired 210 | . 115 95 Missed 60 | . 26 34 Hits 150 | . 89 61 Projectile 150 | . 89 61 AOE 4 | . . 4 Critical Strikes 1 | . . 1 Damage Taken 2298 | . 964 1334 Core 271 | . 141 130 Absorbed by Shields . | . . . Core Remaining (%) 100 | 100 . . Volleys Fired 184 | 1 101 82 Largest 2 | 1 2 2 Hottest 120 | 50 100 120 Shots Fired 334 | 1 184 149 Gun 312 | 1 169 142 Cannon . | . . . Launcher 21 | . 14 7 Special 1 | . 1 . Kinetic 152 | . 84 68 Thermal 161 | 1 86 74 Explosive 21 | . 14 7 Electromagnetic . | . . . Robot Hit Streak 18 | 1 15 18 Robot Miss Streak 5 | . 5 3 Penetration Max . | . . . Secondary Targets 7 | . 3 4 Max Gunslinging Chain 1 | . 1 1 Shots Hit Robots 177 | 1 101 75 Core Hits 81 | 1 53 27 Critical Kills . | . . . Critical Parts Destroyed . | . . . Critical Strikes 5 | . 4 1 Burn 4 | . 4 . Destroy 1 | . . 1 Melee Attacks . | . . . Impact . | . . . Slashing . | . . . Piercing . | . . . Sneak Attacks . | . . . Combat Hostiles . | . . . Follow-up Attacks . | . . . Damage Inflicted 3288 | 13 1870 1405 Guns 2610 | 13 1210 1387 Cannons . | . . . Explosions 678 | . 660 18 Melee . | . . . Ramming . | . . . Kinetic 1156 | . 584 572 Thermal 1454 | 13 626 815 Explosive 678 | . 660 18 Electromagnetic . | . . . Impact . | . . . Slashing . | . . . Piercing . | . . . Highest Corruption 3 | . 3 3 Average Corruption 2 | . 2 3 Corruption Purged . | . . . Corruption Blocked . | . . . Effects 60 | . 20 40 Message Errors 17 | . 8 9 Matter Fused 12 | . 3 9 Heat Flow Errors 7 | . 1 6 Energy Discharges 6 | . 3 3 Data Loss (minor) 9 | . 2 7 Data Loss (major) 3 | . 2 1 Misfires 2 | . 1 1 Alerts 4 | . . 4 Overload Shots . | . . . Overflow Damage 61 | . 56 5 Projectiles . | . . . Explosions 61 | . 56 5 Melee . | . . . Knockbacks . | . . . Impact . | . . . Kinetic . | . . . Secondary . | . . . Self-Inflicted Damage 78 | . 47 31 Shots 5 | . 4 1 Rammed . | . . . Targets Rammed . | . . . Kicked . | . . . Crushed . | . . . Highest Temperature 268 | 10 268 197 Average Temperature 80 | 7 85 50 Received Heat Transfer 744 | . 420 324 Siege Activations . | . . . Martial Activations . | . . . Shielding Activations . | . . . Robots Disrupted . | . . . Combat Hostiles . | . . . Robots Corrupted . | . . . Combat Hostiles . | . . . Parts Fried . | . . . Impact Corruptions . | . . . Robots Melted . | . . . Combat Hostiles . | . . . Parts Melted 5 | . 3 2 Heat Transferred 3354 | 37 2146 1171 Parts Sabotaged . | . . . Parts Stolen . | . . . Parts Stripped . | . . . Power Chain Reactions . | . . . Alert | -11 -10 -10 ------- Run | Yrd Mat Sub Maximum Alert Level 2 | . 2 . Low Security (%) 40 | 100 38 . Level 1 38 | . 40 . Level 2 20 | . 21 . Level 3 . | . . . Level 4 . | . . . Level 5 . | . . . High Security . | . . . Max Security . | . . . Peak Influence 427 | 5 427 . Initial 3 | . 3 . Average 236 | . 246 . Influence Increases 955 | 5 830 120 Destroy 0b10 Robot/C 580 | . 480 100 Destroy 0b10 Robot/NC 60 | 5 55 . Destroy Leader 120 | . 100 20 Successful Hack 37 | . 37 . Select Force Hacks 60 | . 60 . Disable Machine 30 | . 30 . Destroy Structure 68 | . 68 . Influence Decreases 955 | . 441 514 Entered New Map 192 | . 2 190 Time Decay 733 | . 429 304 Lost Part 30 | . 10 20 Squads Dispatched 6 | . 6 . Investigation 4 | . 4 . Extermination . | . . . Reinforcement 2 | . 2 . Assault . | . . . Garrison . | . . . Intercept . | . . . Searches Triggered . | . . . Construction Impeded . | . . . Haulers Reinforced . | . . . Active Scanning Responses . | . . . Cargo Convoy Interrupts . | . . . Stealth | -11 -10 -10 --------- Run | Yrd Mat Sub Distress Signals 3 | . 3 . Communications Jammed . | . . . Distress Signals . | . . . Times Spotted 46 | . 30 16 Peak Tracking Total 5 | . 5 3 Tactical Retreats . | . . . Traps | -11 -10 -10 ------- Run | Yrd Mat Sub Traps Triggered 2 | . 2 . Indirectly . | . . . Trap Hack Attempts . | . . . Triggered . | . . . Disarmed . | . . . Reprogrammed . | . . . Reused . | . . . Traps Extracted . | . . . Installed . | . . . Triggered . | . . . Machines | -11 -10 -10 ---------- Run | Yrd Mat Sub Machines Disabled 4 | . 3 1 Max in Single Turn 1 | . 1 1 Machines Repaired . | . . . Machines Dismantled . | . . . Machines Sabotaged . | . . . Overloaded Fab Kills . | . . . Hacking | -11 -10 -10 --------- Run | Yrd Mat Sub Machines Accessed 9 | . 9 . Terminals 6 | . 6 . Fabricators . | . . . Repair Stations 1 | . 1 . Recycling Units 2 | . 2 . Scanalyzers . | . . . Garrison Access . | . . . Total Hacks 26 | . 26 . Successful 14 | . 14 . Failed 12 | . 12 . Catastrophic 1 | . 1 . Database Lockouts . | . . . Manual 11 | . 11 . Terminals 19 | . 19 . Fabricators . | . . . Repair Stations 4 | . 4 . Recycling Units 3 | . 3 . Scanalyzers . | . . . Garrison Access . | . . . Terminal Hacks 5 | . 5 . Prototype ID Bank 2 | . 2 . Terminal Index 1 | . 1 . Locate Traps 2 | . 2 . Fabricator Hacks . | . . . Repair Station Hacks 1 | . 1 . Refit 1 | . 1 . Recycling Unit Hacks 1 | . 1 . Retrieve Components 1 | . 1 . Scanalyzer . | . . . Garrison Access Hacks . | . . . Unauthorized Hacks 7 | . 7 . Terminals 5 | . 5 . Botnet 3 | . 3 . Skim 2 | . 2 . Fabricators . | . . . Repair Stations . | . . . Recycling Units 2 | . 2 . Tunnel 2 | . 2 . Scanalyzers . | . . . Garrison Access . | . . . Data Cores Recovered . | . . . Used . | . . . Hacking Detections 7 | . 7 . Full Trace Events 1 | . 1 . Feedback Events 1 | . 1 . Corruption 1 | . 1 . Feedback Blocked . | . . . Robot Schematics Acquired . | . . . Robots Built . | . . . Authchips . | . . . Time . | . . . Total Robot Build Rating . | . . . Part Schematics Acquired . | . . . Parts Built . | . . . Authchips . | . . . Time . | . . . Total Part Build Rating . | . . . Part Studies Acquired . | . . . Parts Repaired . | . . . Time . | . . . Parts Recycled . | . . . Recycled Matter . | . . . Retrieved Matter . | . . . Retrieved Components 9 | . 9 . Parts Scanalyzed . | . . . Part Schematics Acquired . | . . . Parts Damaged . | . . . Bothacking | -11 -10 -10 ------------ Run | Yrd Mat Sub Used RIF Installer . | . . . Robots Hacked . | . . . Non-combat . | . . . Combat . | . . . Robot Hacks Applied . | . . . Relay Couplers Released . | . . . Fabnet Peak Effective % . | . . . Robots Rewired . | . . . Allies Hacked . | . . . Hacks Repelled . | . . . Allies | -11 -10 -10 -------- Run | Yrd Mat Sub Total Allies . | . . . Largest Group . | . . . Highest-Rated Group . | . . . Highest-Rated Ally . | . . . Total Orders . | . . . Ally Attacks . | . . . Total Damage . | . . . Kills . | . . . Allies Corrupted . | . . . Allies Melted . | . . . Intel | -11 -10 -10 ------- Run | Yrd Mat Sub Active Infowar (turns) 1067 | 3 1048 16 Seismic 1067 | 3 1048 16 Robot Analysis Total . | . . . Derelict Logs Recovered 2 | . . 2 Drone Launches . | . . . Drone Recoveries . | . . . Exploration | -11 -10 -10 ------------- Run | Yrd Mat Sub Turns Passed 3239 | 57 1262 1920 Spaces Moved 1813 | 47 784 982 Core 12 | 12 . . Treads 334 | . 8 326 Legs . | . . . Wheels 1467 | 35 776 656 Hover . | . . . Flight . | . . . Fastest Speed 50 | 50 80 110 Average Speed 125 | 72 108 142 Slowest Speed 240 | 80 240 240 Overloaded Moves . | . . . Propulsion Burnouts . | . . . Robots Hopped . | . . . Potential Cave-ins . | . . . Cave-ins Triggered . | . . . Exploration Rate (%) 46 | 4 92 44 Regions Visited 2 Branch Regions 1 Pre-discovered Areas 4 | . 2 2 Known Exits Taken . | . . . Unknown Exits Taken 2 | 1 1 . Scrap Searched 5 | . . 5 Spaces Dug 20 | . 8 12 Terrain Destroyed 127 | . 89 38 Melee . | . . . Projectile . | . . . AOE 127 | . 89 38 Terrain Rammed . | . . . Walls Destroyed . | . . . Machines Disabled . | . . . Actions | -11 -10 -10 --------- Run | Yrd Mat Sub Total 2419 | 65 998 1356 Wait 278 | 10 35 233 Move 1811 | 46 783 982 Hop . | . . . Pick Up 24 | 2 14 8 Fast Attach 16 | 6 2 8 Attach 4 | . 2 2 Detach 4 | . 3 1 Swap 55 | . 45 10 Drop 35 | . 13 22 Fire 184 | 1 101 82 Melee . | . . . Ram . | . . . Kick . | . . . Crush . | . . . Escape Stasis . | . . . Rewire . | . . . Trap . | . . . Miscellaneous 8 | . . 8 Route ------- -11/Scrapyard -10/Materials (discovered 5 exits: [*Mat x2] / [*Min x2] / [*Sub]) -10/Subcaves (discovered 2 exits: [*Mat] / [*Scr]) History --------- Turn | Location | Event 5 | -11/Scrapyard | Discovered new exit (range 16) 58 | -11/Scrapyard | Entered Materials 105 | -10/Materials | Discovered new exit (range 8) 209 | -10/Materials | Discovered new exit (range 12) 313 | -10/Materials | Build established: Mutant 721 | -10/Materials | Discovered new exit (range 11) 766 | -10/Materials | Core integrity fell below 50% 1119 | -10/Materials | Discovered new exit (range 9) 1307 | -10/Materials | Discovered new exit (range 9) 1320 | -10/Materials | Entered Subcaves 1321 | -10/Subcaves | Approached by a straggling Scientist 1550 | -10/Subcaves | Learned location of Zion (-7) 1566 | -10/Subcaves | Discovered new exit (range 5) 1800 | -10/Subcaves | Shifting Twisted Machinery released Battle Rifle 1873 | -10/Subcaves | Ambushed by Subdweller buried in earth 1977 | -10/Subcaves | Build established: Subdweller-Mutant 2402 | -10/Subcaves | A swath of the cavern ceiling suddenly collapsed 2863 | -10/Subcaves | Shifting Twisted Machinery released Sub. Machine Gun 2900 | -10/Subcaves | Shifting Twisted Machinery released Flamer 2975 | -10/Subcaves | Ambushed by Subdwellers from Twisted Machinery 3214 | -10/Subcaves | Core integrity fell below 20% 3240 | -10/Subcaves | Destroyed by 3A-QXU(R) with Subdweller Machine Gun Last Messages --------------- 03118_ Acquired 10 matter. 03119_ Dropped Sub. Monowheel. 03123_ Acquired Sub. Laser. 03139_ System corrupted: Heat flow error (+126). 03206_ System corrupted: Matter fused (-5). 03209_ Scrap Shield destroyed. 03211_ Sub. Machine Gun shoots sparks and powers down. 03211_ Lgt. Treads destroyed. 03211_ Wheel destroyed. 03219_ HG-U8F(R) destroyed. 03219_ Switching to secondary target: YS-B98(R). 03229_ AREO#GWPQKC #C 2J#5#A|TGLM3BB/7B 03230_ C7-7EL(R) affixes Scrap Shield Fragment to Scrap Shield. 03236_ Ion Engine destroyed. 03238_ C7-7EL(R) affixes Scrap Shield Fragment to Scrap Shield. 03238_ Sub. Laser destroyed. 03240_ C7-7EL(R) destroyed. Map ----- +----------------------------------------------------+ | ??????????????## [##???? "??????????????????? | | ???????????????#&!##?????## ??????????????????? | | ????????????####%##???????? #??????????????????? | | ????????????# !&#????????? #??????????????????? | | ????????????# *=##?????????#????????????????????? | | ????????????# ##?????????????????????????????? | | ???????????## ##????????????????????????????? | | ???????????# ##???????????????????????????? | | ???????????# ##?????? ??????????????????? | | ???????????### #?????? ??????????????????? | | ????????????## #?????# ?????????????????? | | ???????????##"" #???### ?????????????????? | | ???????????#" " #???# R ??????????????????? | | ???????????#"""" "## ##### #???###????????????? | | ???????????#"""" ""#?### ##?# #????????????? | | ???????????#""" "#?## &## #????????????? | | ???????????#" " # ### !%%& ##???????????? | | ???????????## ### ## &= * ###?????????? | | ????????????##?# ### ??????????? | | ???????????????## ### R ????????????? | | ??????????????## ;;; #??????????????? | | ??????????????# #???????????????? | | ??????????????#"" ##??????????????? | | ??????????????##"" ######?????????? | | ???????????????## ";; ;# ##????????? | | ????????????????###;; @ ## ##???????? | | ??????????????????# ## #???????? | | ??????????????????## ;### "#???????? | | ???????????????????## #?## ##???????? | | ????????????????????# # #?## #????????? | | ????????????????????### #?# #????????? | | ??????????????????????## ###?# ##????????? | | ???????????????????????## ##???### #?????????? | | ????????????????????????# ##??????#""#?????????? | | ????????????????????????? #???????#"" #????????? | | ????????????????????????? ##???????# #????????? | | ????????????????????????? ????????## #????????? | | ????????????????????????? ??????????###????????? | | ????????????????????????? ?????????????????????? | | ????????????????????????? ?????????????????????? | | ????????????????????????? ?????????????????????? | | ?????????????????????????????????????????????????? | | ?????????????????????????????????????????????????? | | ?????????????????????????????????????????????????? | | ?????????????????????????????????????????????????? | | ?????????????????????????????????????????????????? | | ?????????????????????????????????????????????????? | | ?????????????????????????????????????????????????? | | ?????????????????????????????????????????????????? | | ?????????????????????????????????????????????????? | +----------------------------------------------------+ Best States ------------- Heat Dissipation 25 Energy Generation 14 Energy Capacity 250 Matter Stores 300 Matter Capacity 300 Sight Range 16 Terrain Scan Density 10 Armor Coverage 800 Evasion (%) 44 Recoil Reduction 2 Item Schematics ----------------- None Robot Schematics ------------------ None Fabricated ------------ Nothing Repaired ---------- Nothing Studied --------- None Alien Tech Used ----------------- None Achievements -------------- None Challenges ------------ None Game ------ Seed HugeBoltCartridge Manual? 0 Play Time 00:22:08 Cumulative 749.5 hours Start 2026.04.27 @ 19:14:55 End 2026.04.27 @ 19:46:17 Sessions 1 Manual Loads 0 Difficulty Rogue Special Mode None Game No. 224 Rogue 224 Adventurer 0 Explorer 0 Win Type - Total 28 Types 10/3/7/1/1/0/2/1/1/2 Lore% 95 Gallery% 87 Achievement% 81 Wizard Run 0 Options --------- Layout 1 ASCII 0 Keyboard 0 Movement Mouse Keybinds 0 Fullscreen 2 Font 32/SmallcapsGlow Map View 50x35 Zoom Use 0% Tactical HUD 1 Map Filters NONE Filters NONE Steam 1 RUN: d2b8ec68-44ae-4d5a-a806-09e2b64f2727